 Dungeon Crawl Stone Soup version 0.31-a0-214-gb37851dbb3 (webtiles) character file.

Game seed: 6946273255244891423

58982 qw the Marksminotaur (level 14, -1/129 HPs)
             Began as a Minotaur Hexslinger on June 30, 2023.
             Was a High Priest of Okawaru.
             Slain by an eight-headed hydra (9 damage)
             ... on level 13 of the Dungeon.
             The game lasted 00:07:49 (17993 turns).

qw the Marksminotaur (Minotaur Hexslinger)         Turns: 17993, Time: 00:07:49

Health: -1/129     AC: 11    Str: 14    XL:     14   Next: 51%
Magic:  19/20      EV: 27    Int: 10    God:    Okawaru [*****.]
Gold:   1805       SH:  0    Dex: 19    Spells: 14/15 levels left

rFire   + . .        a - +4 longbow of Udel {freeze, rF+ Dex+2 Stlth+}
rCold   + . .        (shield currently unavailable)
rNeg    . . .        v - +0 troll leather armour
rPois   .            (helmet restricted)
rElec   .            j - +0 cloak
rCorr   .            q - +1 pair of gloves
SInv    .            l - +0 pair of boots
Will    +....        o - amulet of faith
Stlth   ++++         u - +5 ring of evasion
HPRegen 1.21/turn    t - ring of protection from cold
MPRegen 0.17/turn

%: faith
@: about to teleport, heroic
A: horns 2, retaliatory headbutt
a: Renounce Religion, Heroism, Finesse, Duel


You were on level 13 of the Dungeon.
You worshipped Okawaru.
Okawaru was extremely pleased with you.
You visited 3 branches of the dungeon, and saw 19 of its levels.
You also visited: Sewer.

You collected 2221 gold pieces.
You spent 416 gold pieces at shops.


Innate Abilities, Weirdness & Mutations

You have a pair of horns on your head.
You reflexively headbutt those who attack you in melee.


   Skills:
 - Level 13.0(18.0) Fighting
 - Level 20.0(25.0) Ranged Weapons
 + Level 6.9(11.9) Armour
 - Level 10.1(15.1) Dodging
 - Level 1.0 Spellcasting
 - Level 2.0 Hexes
 - Level 10.0 Invocations


You had 14 spell levels left.
You knew the following spells:

 Your Spells              Type           Power      Damage    Failure   Level
a - Slow                  Hex            16%        N/A       19%         1

Your spell library contained the following spells:

 Spells                   Type           Power      Damage    Failure   Level
 Inner Flame              Hex/Fire       2%         N/A       63%         3
 Portal Projectile        Hex/Tloc       4%         N/A       63%         3
 Cause Fear               Hex            2%         N/A       87%         4

Inventory:

Hand Weapons
 a - the +4 longbow of Udel (weapon) {freeze, rF+ Dex+2 Stlth+}
   (Okawaru gifted it to you on level 2 of the Lair of Beasts)

   Dex:       It affects your dexterity (+2).
   rF:        It protects you from fire.
   Stlth:     It makes you more stealthy.
Armour
 d - the +2 robe of Repulsion {+Blink rF++ rN+ Stlth-}
   (You found it on level 10 of the Dungeon)

   rF:        It greatly protects you from fire.
   rN:        It protects you from negative energy.
   +Blink:    It lets you blink.
   Stlth:     It makes you less stealthy.
 j - a +0 cloak (worn)
 l - a +0 pair of boots (worn)
 q - a +1 pair of gloves (worn)
 v - a +0 troll leather armour (worn)
Jewellery
 i - the ring of Honesty {Wiz rC- rN+ rCorr Dex+3}
   (You found it on level 13 of the Dungeon)

   [ring of wizardry]

   It improves your spell success rate.
   Dex:       It affects your dexterity (+3).
   rC:        It makes you vulnerable to cold.
   rN:        It protects you from negative energy.
   rCorr:     It protects you from acid and corrosion.
 n - the amulet "Jagifaf" {Acrobat +Blink rF+ rC+++ Int-5}
   (You found it on level 4 of the Dungeon)

   [amulet of the acrobat]

   It increases your evasion while moving and waiting.
   Int:       It affects your intelligence (-5).
   rF:        It protects you from fire.
   rC:        It renders you almost immune to cold.
   +Blink:    It lets you blink.
 o - an amulet of faith (around neck)
 t - a ring of protection from cold (right hand)
 u - a +5 ring of evasion (left hand)
 Y - a ring of willpower
Scrolls
 b - 5 scrolls of teleportation
 e - 8 scrolls of identify
 s - a scroll of enchant weapon
Potions
 c - 6 potions of might
 f - 2 potions of heal wounds
 g - 12 potions of curing
 h - a potion of resistance
 k - 2 potions of cancellation
 m - a potion of haste
 p - a potion of mutation
 r - 2 potions of enlightenment

Dungeon Overview and Level Annotations

Branches:
Dungeon (13/15)            Temple (1/1) D:5            Lair (5/5) D:11
 Shoals (0/4) Lair:3        Snake (0/4) Lair:3        Slime (0/5) Lair:5
    Orc (0/2) D:10          Sewer (visited)
 Vaults: D:13-14

Altars:
Ashenzari
Cheibriados
Dithmenos
Elyvilon
Fedhas
Gozag
Hepliaklqana
Kikubaaqudgha
Makhleb
Nemelex Xobeh
Okawaru
Qazlal
Ru
Sif Muna
Trog
Uskayaw
Vehumet
Wu Jian
Xom
Yredelemnul
Zin
The Shining One
Jiyva

Shops:
D:4 *   D:10 (   D:11 *

Annotations:
D:4 2 transporters, qw's ghost, amateur MiHs
D:13 3 runed translucent doors, HilariousDeathArtist's ghost, journeyman VSBe; Kokhlaf's ghost, journeyman DECj
Lair:3 1 runed translucent door, qw's ghost, journeyman GrFi
Lair:5 2 runed translucent doors


Message History

Something misses you. The cyclops completely misses you.
You shoot an arrow. The arrow hits the cyclops.
The arrow freezes the cyclops.
The cyclops is lightly wounded.
Something hits you but does no damage.
Deactivating autopickup; reactivate with Ctrl-A.
Autopickup is now on.
You shoot an arrow. The arrow hits the cyclops.
The arrow freezes the cyclops.
The cyclops is moderately wounded.
Something hits you but does no damage.
Deactivating autopickup; reactivate with Ctrl-A.
The cyclops hits you but does no damage.
Autopickup is now on.
You shoot an arrow. The arrow hits the cyclops!!
The arrow freezes the cyclops!
The cyclops is almost dead.
Something hits you but does no damage.
Deactivating autopickup; reactivate with Ctrl-A.
Autopickup is now on.
You shoot an arrow. The arrow hits the cyclops!!
The arrow freezes the cyclops.
You kill the cyclops!
Okawaru accepts your kill. Something hits you.
Deactivating autopickup; reactivate with Ctrl-A.
Autopickup is now on.
You shoot an arrow.
The arrow hits the eight-headed hydra!!!
The eight-headed hydra seems to slow down.
The arrow freezes the eight-headed hydra!
The eight-headed hydra is severely wounded.
The eight-headed hydra bites you but does no damage.
The eight-headed hydra bites you!
The eight-headed hydra completely misses you.
The eight-headed hydra bites you but does no damage.
The eight-headed hydra completely misses you.
The eight-headed hydra bites you! The eight-headed hydra bites you.
The eight-headed hydra bites you!
17993 ||| READING 6 scrolls of teleportation.
As you read the scroll of teleportation, it crumbles to dust.
You feel strangely unstable. Something completely misses you.
The eight-headed hydra bites you!
You die...

#......#..#......#..#...###.##...
.#....#....#....#...#....#..##}.}
..#..#.[....#..#....#....>..##...
...##........##.....#....#..##}.}
... #{.......##...%.#............
..#..#{.....#..#....#....#.......
.#....#....#....#...#.##......#..
.....#..#......#..#. ###...#...
...... ##......@(###. #.......#
#.....(%D# ####.......#
.#....).#.. #..........#
..#....#...##........... ...#).#
...#.......##.<. ....##
...#.>....#####. (..%
...#......## #.% ..
...#.......####. #........# #.


You could see an eight-headed hydra (slow).

Vanquished Creatures
  Rupert (Lair:4)
  Kirke (Lair:4)
  4 hydras
  An anaconda (Lair:5)
  2 centaur warriors (D:13)
  A two-headed ogre (D:11)
  7 death yaks
  2 tengu warriors (D:13)
  4 boulder beetles
  A lindwurm (Lair:5)
  A deep elf pyromancer (D:12)
  3 harpies (Lair:3)
  2 manticores (D:13)
  3 cyclopes (D:13)
  Maurice (D:8)
  15 elephants
  10 black mambas
  A black mamba (shapeshifter) (D:13)
  10 cane toads
  3 molten gargoyles (Lair:5)
  12 rime drakes
  A gargoyle (D:13)
  Maggie (D:8)
  A kobold demonologist (D:12)
  7 komodo dragons
  Psyche (D:9)
  An efreet (D:13)
  A freezing wraith (D:13)
  2 trolls
  2 hornets
  2 polar bears
  13 blink frogs
  A shadow (D:10)
  5 wyverns
  A yak (shapeshifter) (D:13)
  39 yaks
  A wraith (D:12)
  8 basilisks
  A human (Lair:4)
  5 vampire mosquitoes (D:13)
  5 hogs (Lair:4)
  7 steam dragons
  3 nagas (Lair:3)
  4 hell hounds (Lair:5)
  2 acid dragons
  11 water moccasins
  4 orc warriors
  2 black bears (D:6)
  An ice beast (D:7)
  A sky beast (D:7)
  An ogre (D:5)
  9 wolves
  2 centaurs (D:9)
  9 kobold brigands
  A phantom (D:6)
  15 bullfrogs
  A scorpion (D:5)
  6 necrophages (Lair:4)
  6 killer bees (D:11)
  3 howler monkeys
  5 lava snakes (Lair:5)
  5 hounds
  2 jellies
  A gnoll bouda (D:7)
  8 orc priests
  A sleepcap (D:5)
  Ijyb (D:4)
  Terence (D:2)
  4 iguanas
  12 orc wizards
  7 gnolls
  A river rat (D:4)
  8 adders
  A shadow imp (D:5)
  A white imp (D:6)
  An ufetubus (D:4)
  4 adder skeletons (D:2)
  5 worms
  5 dart slugs
  29 orcs
  A bat skeleton (D:2)
  A bat zombie (D:2)
  8 endoplasms
  6 giant cockroaches
  9 goblins
  7 hobgoblins
  9 jackals
  32 kobolds
  2 quokkas
  9 ball pythons
  7 bats
  3 frilled lizards
  A jackal zombie (D:2)
  7 rats
475 creatures vanquished.

Notes
Turn   | Place    | Note
-------+----------+-------------------------------------------
     0 | D:1      | qw the Minotaur Hexslinger began the quest for the Orb.
     0 | D:1      | Reached XP level 1. HP: 16/16 MP: 1/1
     0 | D:1      | 0 ||| qw: Version: 0.3-a-32-g5962c71
     0 | D:1      | 0 ||| qw: Game counter: 7331
     0 | D:1      | 0 ||| qw: Melee chars always use a shield: true
     0 | D:1      | 0 ||| qw: God list: Okawaru
     0 | D:1      | 0 ||| qw: Allow faded altars: false
     0 | D:1      | 0 ||| qw: Do Orc after clearing Dungeon:15 true
     0 | D:1      | 0 ||| qw: Do second Lair branch before Depths: true
     0 | D:1      | 0 ||| qw: Lair rune preference: random
     0 | D:1      | 0 ||| qw: Goals: Normal
     0 | D:1      | 0 ||| PLANNING D:1-11
   144 | D:1      | Reached skill level 3 in Ranged Weapons
   158 | D:1      | Reached XP level 2. HP: 23/23 MP: 2/2
   670 | D:1      | 670 ||| READING scroll labelled JENUAVVIEPU.
   671 | D:1      | 671 ||| READING scroll labelled NURODUSA JUAPN.
   674 | D:1      | 674 ||| READING scroll labelled ODEHABR JEYXA.
   675 | D:1      | 675 ||| DROPPING scroll of poison.
   709 | D:2      | Identified the +6 sling of Victory {drain, rElec rPois rC-}
   711 | D:2      | 711 ||| SWAPPING to +6 sling of Victory {drain, rElec rPois
                  | rC-}.
   712 | D:2      | 712 ||| DROPPING +1 sling.
   720 | D:2      | Reached XP level 3. HP: 29/29 MP: 3/3
   727 | D:2      | 727 ||| Stepping ~*~*~tactically~*~*~ (outnumbered).
   733 | D:2      | Reached skill level 4 in Ranged Weapons
   737 | D:2      | HP: 1/29 [gnoll/+0 flail (8)]
   740 | D:2      | Reached XP level 4. HP: 2/36 MP: 4/4
   768 | D:2      | 768 ||| FLEEEEING.
   771 | D:2      | 771 ||| FLEEEEING.
   772 | D:2      | 772 ||| FLEEEEING.
   773 | D:2      | 773 ||| STAIRDANCE
   911 | D:2      | Reached skill level 5 in Ranged Weapons
  1004 | D:2      | Noticed Terence
  1017 | D:2      | Killed Terence
  1018 | D:2      | Reached skill level 3 in Fighting
  1059 | D:2      | Reached XP level 5. HP: 45/45 MP: 5/5
  1444 | D:2      | 1444 ||| UPGRADING to +0 ring mail.
  1454 | D:2      | 1454 ||| DROPPING +0 robe.
  1455 | D:2      | 1455 ||| READING scroll labelled PIZUSM HONO.
  1456 | D:2      | 1456 ||| DRINKING 2 ruby potions.
  1457 | D:2      | 1457 ||| DRINKING 3 lumpy grey potions.
  1565 | D:3      | Found a faded altar of an unknown god.
  1628 | D:3      | Found a shimmering altar of Xom.
  1647 | D:3      | Reached skill level 1 in Armour
  2115 | D:3      | 2115 ||| UPGRADING to +0 cloak.
  2120 | D:3      | 2120 ||| READING scroll labelled VELILU ZELO.
  2221 | D:3      | 2221 ||| READING 2 scrolls of identify.
  2221 | D:3      | 2221 ||| IDENTIFYING smoky clear potion
  2260 | D:4      | 2260 ||| PLANNING SEWER
  2309 | D:4      | Found a transporter.
  2323 | D:4      | Reached skill level 6 in Ranged Weapons
  2328 | D:4      | Noticed qw's ghost (amateur MiHs)
  2337 | D:4      | Found a transporter.
  2422 | D:4      | Reached XP level 6. HP: 51/51 MP: 6/6
  2448 | D:4      | Noticed Ijyb
  2459 | D:4      | Killed Ijyb
  2506 | D:4      | Found Kakhaed's Assorted Antiques.
  2516 | D:4      | 2516 ||| BUYING 3 scrolls of identify (108 gold).
  2516 | D:4      | Bought 3 scrolls of identify for 108 gold pieces
  2516 | D:4      | 2516 ||| BUYING pair of boots (81 gold).
  2516 | D:4      | Bought a pair of boots for 81 gold pieces
  2516 | D:4      | 2516 ||| SHOPLISTING potion of heal wounds (90 gold, have
                  | 24).
  2516 | D:4      | 2516 ||| BUYING scroll labelled DODWEU RILEKI (18 gold).
  2516 | D:4      | Bought a scroll labelled DODWEU RILEKI for 18 gold pieces
  2516 | D:4      | 2516 ||| SHOPLISTING scroll labelled XAKHYU METEI (18 gold,
                  | have 6).
  2516 | D:4      | 2516 ||| SHOPLISTING scroll labelled XAT TOAREFFI (18 gold,
                  | have 6).
  2646 | D:4      | Identified the amulet "Jagifaf" {Acrobat +Blink rF+ rC+++
                  | Int-5}
  2796 | D:4      | Found a glowing drain.
  2797 | D:4      | 2797 ||| UPGRADING to +0 pair of boots.
  2802 | D:4      | 2802 ||| UPGRADING to amulet "Jagifaf" {Acrobat +Blink rF+
                  | rC+++ Int-5}.
  2807 | D:4      | 2807 ||| UPGRADING to amulet of faith.
  2817 | D:4      | 2817 ||| UPGRADING to ring of willpower.
  2818 | D:4      | 2818 ||| READING scroll labelled DODWEU RILEKI.
  2819 | D:4      | 2819 ||| DRINKING 2 bubbling grey potions.
  2820 | D:4      | 2820 ||| READING 5 scrolls of identify.
  2820 | D:4      | 2820 ||| IDENTIFYING fuming white potion
  2821 | D:4      | 2821 ||| DROPPING potion of brilliance.
  2826 | Sewer    | Entered a sewer
  2856 | Sewer    | Reached skill level 7 in Ranged Weapons
  2862 | Sewer    | Reached XP level 7. HP: 19/59 MP: 7/7
  3066 | Sewer    | Reached skill level 8 in Ranged Weapons
  3195 | Sewer    | 3195 ||| Stepping ~*~*~tactically~*~*~ (water).
  3310 | Sewer    | 3310 ||| READING scroll labelled XAKHYU METEI.
  3311 | Sewer    | 3311 ||| DRINKING 2 lumpy white potions.
  3312 | Sewer    | 3312 ||| READING 4 scrolls of identify.
  3312 | Sewer    | 3312 ||| IDENTIFYING inky potion
  3313 | Sewer    | 3313 ||| DROPPING potion of magic.
  3328 | D:4      | 3328 ||| PLANNING D:1-11
  3445 | D:5      | Entered Level 5 of the Dungeon
  3460 | D:5      | 3460 ||| Stepping ~*~*~tactically~*~*~ (outnumbered).
  3757 | D:5      | Reached skill level 9 in Ranged Weapons
  3757 | D:5      | Reached XP level 8. HP: 68/68 MP: 8/8
  3863 | D:5      | Found a staircase to the Ecumenical Temple.
  3865 | D:5      | 3865 ||| PLANNING TEMPLE
  3865 | D:5      | 3865 ||| READING scroll labelled ISEMUN PAORI.
  3866 | D:5      | 3866 ||| DRINKING 2 fizzy dark potions.
  3867 | D:5      | 3867 ||| READING 3 scrolls of identify.
  3867 | D:5      | 3867 ||| IDENTIFYING murky white potion
  3868 | D:5      | 3868 ||| DROPPING potion of berserk rage.
  3876 | Temple   | Entered the Ecumenical Temple
  3882 | Temple   | 3882 ||| PLANNING OKAWARU WORSHIP
  4065 | Temple   | Became a worshipper of Warmaster Okawaru
  4066 | Temple   | 4066 ||| PLANNING D:1-11
  4203 | D:6      | Reached skill level 3 in Dodging
  4290 | D:6      | Reached skill level 6 in Fighting
  4521 | D:6      | Reached * piety under Okawaru
  4870 | D:7      | Reached skill level 1 in Invocations
  4951 | D:7      | Reached skill level 10 in Ranged Weapons
  5024 | D:7      | Reached skill level 3 in Armour
  5050 | D:7      | Found a burning altar of Makhleb.
  5113 | D:7      | Reached skill level 3 in Invocations
  5121 | D:7      | 5121 ||| INVOKING Heroism.
  5217 | D:7      | 5217 ||| INVOKING Heroism.
  5230 | D:7      | Reached XP level 9. HP: 67/78 MP: 8/10
  5304 | D:7      | 5304 ||| INVOKING Heroism.
  5414 | D:7      | Found a hazy altar of Hepliaklqana.
  5470 | D:7      | 5470 ||| UPGRADING to +0 leather armour of willpower.
  5480 | D:7      | 5480 ||| READING scroll labelled AHOENETIAJ.
  5481 | D:7      | 5481 ||| READING scroll labelled JEEGAY BYID.
  5482 | D:7      | 5482 ||| DRINKING 3 dark potions.
  5483 | D:7      | 5483 ||| DROPPING 2 potions of attraction.
  5529 | D:8      | Noticed Maggie
  5534 | D:8      | 5534 ||| INVOKING Heroism.
  5539 | D:8      | HP: 12/78 [Maggie/bolt of fire (18)]
  5540 | D:8      | 5540 ||| READING 6 scrolls of teleportation.
  5541 | D:8      | 5541 ||| DRINKING 3 potions of heal wounds.
  5542 | D:8      | Killed Maggie
  5683 | D:8      | 5683 ||| Stepping ~*~*~tactically~*~*~ (outnumbered).
  5686 | D:8      | 5686 ||| Stepping ~*~*~tactically~*~*~ (outnumbered).
  5704 | D:8      | 5704 ||| INVOKING Heroism.
  5709 | D:8      | 5709 ||| Stepping ~*~*~tactically~*~*~ (outnumbered).
  5710 | D:8      | 5710 ||| Stepping ~*~*~tactically~*~*~ (outnumbered).
  5720 | D:8      | Reached ** piety under Okawaru
  5749 | D:8      | 5749 ||| INVOKING Heroism.
  5988 | D:8      | 5988 ||| DROPPING +0 ring mail.
  5989 | D:8      | 5989 ||| UPGRADING to +0 pair of gloves.
  5994 | D:8      | 5994 ||| UPGRADING to +0 steam dragon scales.
  6004 | D:8      | 6004 ||| DROPPING +0 leather armour of willpower.
  6259 | D:8      | Noticed Maurice
  6273 | D:8      | Killed Maurice
  6274 | D:8      | Reached skill level 11 in Ranged Weapons
  6471 | D:8      | 6471 ||| UPGRADING to +1 pair of gloves.
  6481 | D:8      | 6481 ||| DROPPING +0 pair of gloves.
  6482 | D:8      | 6482 ||| DRINKING 2 amethyst potions.
  6483 | D:8      | 6483 ||| READING 3 scrolls of identify.
  6483 | D:8      | 6483 ||| IDENTIFYING fizzy inky potion
  6484 | D:8      | 6484 ||| DROPPING potion of degeneration.
  6688 | D:9      | 6688 ||| INVOKING Heroism.
  6730 | D:9      | Reached *** piety under Okawaru
  6731 | D:9      | Reached skill level 12 in Ranged Weapons
  6795 | D:9      | 6795 ||| INVOKING Heroism.
  6806 | D:9      | Reached XP level 10. HP: 79/86 MP: 9/12
  6846 | D:9      | 6846 ||| READING scroll of enchant armour.
  6846 | D:9      | 6846 ||| ENCHANTING +0 steam dragon scales.
  6917 | D:9      | Noticed Psyche
  6918 | D:9      | 6918 ||| INVOKING Heroism.
  6929 | D:9      | Killed Psyche
  7084 | D:9      | 7084 ||| SWAPPING to +0 orcbow.
  7088 | D:9      | 7088 ||| Stepping ~*~*~tactically~*~*~ (outnumbered).
  7090 | D:9      | 7090 ||| Stepping ~*~*~tactically~*~*~ (outnumbered).
  7091 | D:9      | 7091 ||| DROPPING +6 sling of Victory {drain, rElec rPois
                  | rC-}.
  7097 | D:9      | 7097 ||| Stepping ~*~*~tactically~*~*~ (outnumbered).
  7107 | D:9      | 7107 ||| DROPPING +0 shortbow.
  7108 | D:9      | 7108 ||| READING scroll of enchant weapon.
  7108 | D:9      | 7108 ||| ENCHANTING +0 orcbow.
  7549 | D:9      | 7549 ||| READING scroll labelled KESEOC QIMU.
  7550 | D:9      | 7550 ||| READING 3 scrolls of identify.
  7550 | D:9      | 7550 ||| IDENTIFYING purple potion
  7551 | D:9      | 7551 ||| READING 2 scrolls of identify.
  7551 | D:9      | 7551 ||| IDENTIFYING metallic dark potion
  7552 | D:9      | 7552 ||| DROPPING potion of invisibility.
  7596 | D:10     | Entered Level 10 of the Dungeon
  7598 | D:10     | Found Mil Woz Neb's Antique Weapon Shop.
  7786 | D:10     | Reached skill level 6 in Dodging
  7797 | D:10     | 7797 ||| INVOKING Heroism.
  7969 | D:10     | 7969 ||| INVOKING Heroism.
  8101 | D:10     | Identified the +2 war axe "Nyitiar" {heavy, Str+2 Int+3}
  8476 | D:10     | Identified the +2 robe of Repulsion {+Blink rF++ rN+
                  | Stlth-}
  8485 | D:10     | Found a staircase to the Orcish Mines.
  8592 | D:10     | 8592 ||| UPGRADING to +2 robe of Repulsion {+Blink rF++ rN+
                  | Stlth-}.
  8602 | D:10     | 8602 ||| READING 4 scrolls of identify.
  8602 | D:10     | 8602 ||| IDENTIFYING lumpy sapphire potion
  8603 | D:10     | 8603 ||| DROPPING potion of lignification.
  8636 | D:11     | Noticed a death yak
  8637 | D:11     | 8637 ||| INVOKING Heroism.
  8637 | D:11     | Noticed a death yak
  8643 | D:11     | Noticed a death yak
  8657 | D:11     | Killed a death yak
  8658 | D:11     | Reached skill level 13 in Ranged Weapons
  8663 | D:11     | HP: 17/88 [death yak (22)]
  8664 | D:11     | 8664 ||| READING 6 scrolls of teleportation.
  8665 | D:11     | 8665 ||| DRINKING 3 potions of heal wounds.
  8666 | D:11     | Killed a death yak
  8667 | D:11     | Reached skill level 9 in Fighting
  8667 | D:11     | 8667 ||| FLEEEEING.
  8668 | D:11     | 8668 ||| FLEEEEING.
  8809 | D:11     | Found Difimm's Assorted Antiques.
  8815 | D:11     | 8815 ||| BUYING blue potion (22 gold).
  8815 | D:11     | Bought a blue potion for 22 gold pieces
  8815 | D:11     | 8815 ||| SHOPLISTING quicksilver dragon scales (1500 gold,
                  | have 444).
  8815 | D:11     | 8815 ||| BUYING scroll of enchant weapon (187 gold).
  8815 | D:11     | Bought a scroll of enchant weapon for 187 gold pieces
  8815 | D:11     | 8815 ||| READING scroll of enchant weapon.
  8815 | D:11     | 8815 ||| ENCHANTING +1 orcbow.
  8835 | D:11     | Noticed a two-headed ogre
  8836 | D:11     | 8836 ||| INVOKING Heroism.
  8844 | D:11     | Killed a two-headed ogre
  8844 | D:11     | Reached **** piety under Okawaru
  8889 | D:11     | Found a staircase to the Lair.
  8900 | D:11     | 8900 ||| INVOKING Heroism.
  8914 | D:11     | Killed a death yak
  8923 | D:11     | 8923 ||| INVOKING Heroism.
  8928 | D:11     | Reached skill level 14 in Ranged Weapons
  8928 | D:11     | Reached XP level 11. HP: 33/97 MP: 10/13
  9156 | D:11     | Noticed a boulder beetle
  9157 | D:11     | 9157 ||| INVOKING Heroism.
  9174 | D:11     | 9174 ||| INVOKING Heroism.
  9181 | D:11     | HP: 15/97 [boulder beetle (21)]
  9182 | D:11     | 9182 ||| READING 5 scrolls of teleportation.
  9183 | D:11     | 9183 ||| DRINKING 2 potions of heal wounds.
  9187 | D:11     | Killed a boulder beetle
  9371 | D:11     | Noticed a boulder beetle
  9372 | D:11     | 9372 ||| INVOKING Heroism.
  9394 | D:11     | Killed a boulder beetle
  9558 | D:11     | Reached skill level 6 in Invocations
  9580 | D:11     | 9580 ||| INVOKING Heroism.
  9714 | D:11     | 9714 ||| INVOKING Heroism.
  9797 | D:11     | 9797 ||| INVOKING Heroism.
  9936 | D:11     | Noticed a boulder beetle
  9937 | D:11     | 9937 ||| INVOKING Heroism.
  9962 | D:11     | Killed a boulder beetle
 10247 | D:11     | 10247 ||| PLANNING LAIR
 10247 | D:11     | 10247 ||| DROPPING +1 steam dragon scales.
 10248 | D:11     | 10248 ||| UPGRADING to ring of protection from cold.
 10249 | D:11     | 10249 ||| READING scroll labelled YGORCH DYIMIWOO.
 10250 | D:11     | 10250 ||| READING 4 scrolls of identify.
 10250 | D:11     | 10250 ||| IDENTIFYING blue potion
 10251 | D:11     | 10251 ||| DROPPING potion of ambrosia.
 10293 | Lair:1   | Entered Level 1 of the Lair of Beasts
 10378 | Lair:1   | 10378 ||| INVOKING Heroism.
 10400 | Lair:1   | 10400 ||| INVOKING Heroism.
 10432 | Lair:1   | 10432 ||| INVOKING Heroism.
 10471 | Lair:1   | Reached ***** piety under Okawaru
 10530 | Lair:1   | 10530 ||| INVOKING Heroism.
 11099 | Lair:1   | 11099 ||| READING scroll labelled XAT TOAREFFI.
 11169 | Lair:2   | 11169 ||| READING scroll of enchant weapon.
 11169 | Lair:2   | 11169 ||| ENCHANTING +2 orcbow of electrocution.
 11393 | Lair:2   | 11393 ||| Stepping ~*~*~tactically~*~*~ (outnumbered).
 11394 | Lair:2   | 11394 ||| Stepping ~*~*~tactically~*~*~ (outnumbered).
 11404 | Lair:2   | 11404 ||| INVOKING Heroism.
 11417 | Lair:2   | Identified the +4 longbow of Udel {freeze, rF+ Dex+2
                  | Stlth+} (Okawaru gifted it to you on level 2 of the Lair of
                  | Beasts)
 11417 | Lair:2   | Received a gift from Okawaru
 11425 | Lair:2   | HP: 24/99 [rime drake/icy flash freeze (9)]
 11426 | Lair:2   | 11426 ||| READING 4 scrolls of teleportation.
 11427 | Lair:2   | 11427 ||| DRINKING 2 potions of heal wounds.
 11560 | Lair:2   | 11560 ||| INVOKING Heroism.
 11680 | Lair:2   | 11680 ||| SWAPPING to +4 longbow of Udel {freeze, rF+ Dex+2
                  | Stlth+}.
 11688 | Lair:2   | 11688 ||| INVOKING Heroism.
 11692 | Lair:2   | Reached skill level 15 in Ranged Weapons
 11783 | Lair:2   | 11783 ||| DROPPING +3 orcbow of electrocution.
 11795 | Lair:2   | 11795 ||| INVOKING Heroism.
 11800 | Lair:2   | Reached XP level 12. HP: 106/106 MP: 14/17
 11806 | Lair:2   | Reached skill level 9 in Invocations
 11832 | Lair:2   | Noticed a six-headed hydra
 11833 | Lair:2   | 11833 ||| INVOKING Heroism.
 11837 | Lair:2   | Killed a six-headed hydra
 12029 | Lair:2   | 12029 ||| INVOKING Heroism.
 12032 | Lair:2   | 12032 ||| Stepping ~*~*~tactically~*~*~ (outnumbered).
 12037 | Lair:2   | 12037 ||| Stepping ~*~*~tactically~*~*~ (outnumbered).
 12083 | Lair:2   | 12083 ||| FLEEEEING.
 12084 | Lair:2   | 12084 ||| FLEEEEING.
 12085 | Lair:2   | 12085 ||| FLEEEEING.
 12086 | Lair:2   | 12086 ||| FLEEEEING.
 12087 | Lair:2   | 12087 ||| FLEEEEING.
 12088 | Lair:2   | 12088 ||| STAIRDANCE
 12140 | Lair:1   | 12140 ||| UPGRADING to +0 troll leather armour.
 12150 | Lair:1   | 12150 ||| READING scroll labelled IWNEUL BEIBRAP.
 12153 | Lair:2   | 12153 ||| INVOKING Heroism.
 12547 | Lair:2   | 12547 ||| DRINKING 3 potions of cancellation.
 12748 | Lair:3   | 12748 ||| STAIRDANCE
 12751 | Lair:2   | Received a gift from Okawaru
 12922 | Lair:3   | Found a staircase to the Snake Pit.
 12931 | Lair:3   | 12931 ||| Stepping ~*~*~tactically~*~*~ (water).
 13121 | Lair:3   | Reached skill level 16 in Ranged Weapons
 13129 | Lair:3   | Received a gift from Okawaru
 13205 | Lair:3   | 13205 ||| INVOKING Heroism.
 13279 | Lair:3   | Found a staircase to the Shoals.
 13334 | Lair:3   | 13334 ||| INVOKING Heroism.
 13390 | Lair:3   | 13390 ||| INVOKING Heroism.
 13395 | Lair:3   | Reached XP level 13. HP: 116/116 MP: 16/19
 13411 | Lair:3   | Found a runed translucent door.
 13414 | Lair:3   | Noticed qw's ghost (journeyman GrFi)
 13830 | Lair:4   | Reached skill level 17 in Ranged Weapons
 13988 | Lair:4   | Noticed Kirke
 13989 | Lair:4   | 13989 ||| INVOKING Heroism.
 13990 | Lair:4   | 13990 ||| INVOKING Finesse.
 14001 | Lair:4   | 14001 ||| FLEEEEING.
 14013 | Lair:4   | 14013 ||| FLEEEEING.
 14029 | Lair:4   | 14029 ||| FLEEEEING.
 14030 | Lair:4   | 14030 ||| FLEEEEING.
 14065 | Lair:4   | 14065 ||| FLEEEEING.
 14066 | Lair:4   | 14066 ||| FLEEEEING.
 14116 | Lair:4   | 14116 ||| INVOKING Heroism.
 14117 | Lair:4   | 14117 ||| INVOKING Finesse.
 14123 | Lair:4   | Reached skill level 9 in Dodging
 14127 | Lair:4   | Noticed Rupert
 14145 | Lair:4   | Killed Rupert
 14268 | Lair:4   | 14268 ||| INVOKING Heroism.
 14285 | Lair:4   | 14285 ||| INVOKING Heroism.
 14328 | Lair:4   | Received a gift from Okawaru
 14623 | Lair:4   | 14623 ||| INVOKING Heroism.
 14624 | Lair:4   | 14624 ||| INVOKING Finesse.
 14637 | Lair:4   | Killed Kirke
 14638 | Lair:4   | Reached skill level 18 in Ranged Weapons
 14779 | Lair:4   | 14779 ||| INVOKING Heroism.
 14780 | Lair:4   | 14780 ||| INVOKING Finesse.
 15153 | Lair:4   | 15153 ||| DROPPING +0 pair of gloves of infusion.
 15161 | Lair:5   | Entered Level 5 of the Lair of Beasts
 15180 | Lair:5   | Reached skill level 12 in Fighting
 15286 | Lair:5   | 15286 ||| INVOKING Heroism.
 15326 | Lair:5   | 15326 ||| Stepping ~*~*~tactically~*~*~ (outnumbered).
 15332 | Lair:5   | Reached skill level 6 in Armour
 15335 | Lair:5   | Received a gift from Okawaru
 15337 | Lair:5   | 15337 ||| DROPPING +5 longbow of flaming.
 15349 | Lair:5   | 15349 ||| INVOKING Heroism.
 15382 | Lair:5   | 15382 ||| INVOKING Heroism.
 15385 | Lair:5   | 15385 ||| Stepping ~*~*~tactically~*~*~ (outnumbered).
 15455 | Lair:5   | Found a large runed translucent door.
 15456 | Lair:5   | Found a large runed translucent door.
 15466 | Lair:5   | 15466 ||| INVOKING Heroism.
 15599 | Lair:5   | Noticed a fire dragon
 15884 | Lair:5   | 15884 ||| INVOKING Heroism.
 15891 | Lair:5   | Reached skill level 19 in Ranged Weapons
 16049 | Lair:5   | 16049 ||| UPGRADING to +5 ring of evasion.
 16130 | Lair:5   | Found a viscous altar of Jiyva.
 16130 | Lair:5   | Found a staircase to the Slime Pits.
 16143 | Lair:5   | 16143 ||| INVOKING Heroism.
 16308 | Lair:5   | 16308 ||| INVOKING Heroism.
 16318 | Lair:5   | Received a gift from Okawaru
 16319 | Lair:5   | Reached XP level 14. HP: 126/126 MP: 18/20
 16735 | Lair:5   | 16735 ||| PLANNING D
 16972 | D:12     | 16972 ||| FLEEEEING.
 16973 | D:12     | 16973 ||| FLEEEEING.
 17092 | D:12     | 17092 ||| Stepping ~*~*~tactically~*~*~ (outnumbered).
 17094 | D:12     | 17094 ||| Stepping ~*~*~tactically~*~*~ (outnumbered).
 17097 | D:12     | 17097 ||| Stepping ~*~*~tactically~*~*~ (outnumbered).
 17099 | D:12     | 17099 ||| Stepping ~*~*~tactically~*~*~ (outnumbered).
 17103 | D:12     | Reached ****** piety under Okawaru
 17448 | D:12     | 17448 ||| INVOKING Heroism.
 17449 | D:12     | 17449 ||| INVOKING Finesse.
 17561 | D:12     | Received a gift from Okawaru
 17654 | D:13     | Found a runed translucent gate.
 17655 | D:13     | Found a runed translucent gate.
 17656 | D:13     | Found a runed translucent gate.
 17673 | D:13     | Noticed Kokhlaf's ghost (journeyman DECj)
 17673 | D:13     | Noticed HilariousDeathArtist's ghost (journeyman VSBe)
 17745 | D:13     | 17745 ||| Stepping randomly (disturbance).
 17777 | D:13     | Identified the ring of Honesty {Wiz rC- rN+ rCorr Dex+3}
 17850 | D:13     | 17850 ||| INVOKING Heroism.
 17868 | D:13     | 17868 ||| Stepping ~*~*~tactically~*~*~ (outnumbered).
 17912 | D:13     | 17912 ||| Stepping randomly (disturbance).
 17913 | D:13     | 17913 ||| Stepping randomly (disturbance).
 17914 | D:13     | 17914 ||| Stepping randomly (disturbance).
 17945 | D:13     | 17945 ||| INVOKING Heroism.
 17950 | D:13     | 17950 ||| Stepping ~*~*~tactically~*~*~ (outnumbered).
 17966 | D:13     | Reached skill level 20 in Ranged Weapons
 17980 | D:13     | 17980 ||| INVOKING Heroism.
 17984 | D:13     | Identified the +0 buckler "Xaqosuq" {+Blink Will+ Dex+2}
                  | (Okawaru gifted it to you on level 13 of the Dungeon)
 17984 | D:13     | Received a gift from Okawaru
 17992 | D:13     | HP: 31/129 [eight-headed hydra (7)]
 17992 | D:13     | HP: 7/129 [eight-headed hydra (11)]
 17993 | D:13     | 17993 ||| READING 6 scrolls of teleportation.
 17993 | D:13     | Slain by an eight-headed hydra

Levels and vault maps discovered:
D:1:      dpeg_arrival_tiny_a, layout_loops_cross, serial_forest,
          infiniplex_forest_zigzag_1, infiniplex_forest_zigzag_1,
          infiniplex_forest_lined_corner, infiniplex_forest_lined_corner,
          infiniplex_forest_lined_2, infiniplex_forest_clump_double
D:2:      minmay_spotlight, layout_rooms, serial_undead, serial_undead_e,
          serial_undead_d, serial_undead_d, serial_undead_d, uniq_terence,
          uniq_crazy_yiuf_cottage
D:3:      layout_loops_ring, old_standard_altar,
          hellmonk_ecumenical_altar_inner_sanctum,
          chequers_serial_rivers_small_3, chequers_serial_rivers_room_a
D:4:      layout_rooms, gammafunk_ghost_arena, lightli_sewer_entry_pipes,
          serial_shops, nicolae_shop_tiny_statue_garden, serial_bayou_pond_a,
          minmay_ruptured, uniq_ijyb
D:5:      layout_rooms, minmay_temple_entry_junction
D:6:      layout_basic, nicolae_hexahallways
D:7:      layout_rooms, mainiacjoe_overflow_tiny_flanked,
          nicolae_overflow_hidden_temple, nicolae_elevator_lobby_asterisk
D:8:      layout_basic, uniq_maggie, uniq_maurice
D:9:      layout_cave_pods, uniq_psyche
D:10:     layout_basic, orc_0_dummy, serial_shops, shop
D:11:     layout_roguey, dpeg_lair_monsters, serial_shops,
          nicolae_shop_competitors_out_of_business, kennysheep_small_circle
D:12:     layout_loops_cross
D:13:     minmay_big_diamond_grid, layout_cave_pools, erik_vaults_1,
          gammafunk_ghost_cemetery, small_chamber_with_monster
Temple:   nicolae_temple_bog_church
Lair:1:   layout_chaotic_city, lemuel_fruit_tree
Lair:2:   layout_layer_cave, bobbens_dragon_lair_wall, infiniplex_staircase_pool
Lair:3:   layout_regular_city, nicolae_shoals_entry_roost,
          guppyfry_snake_entry_island, gammafunk_ghost_grave
Lair:4:   beast_lair_carwin_large_1, layout_layer_cave, roderic_carrion_pond,
          uniq_rupert, uniq_kirke
Lair:5:   cheibrodos_lair_end_hotspot, layout_cellular_growth, slime_entry_1

Skill      XL: |  1  2  3  4  5  6  7  8  9 10 11 12 13 14 |
---------------+-------------------------------------------+-----
Ranged Weapons | 3 4 5 6 7 9 10 12 14 15 16 19 20 | 20.0
Fighting       | 2 3 4 5 6 7 9 10 11 12 13 | 13.0
Armour         | 1 2 3 4 5 6 |  6.9
Dodging        | 3 5 6 7 8 9 10 | 10.1
Invocations    | 3 4 5 8 10 | 10.0
Spellcasting   | |  1.0
Hexes          | |  2.0

Action                     |  1- 3 |  4- 6 |  7- 9 | 10-12 | 13-15 || total
---------------------------+-------+-------+-------+-------+-------++-------
   Fire: Sling             |    72 |   187 |   336 |    21 |       ||   616
         Orcbow            |       |       |       |   432 |       ||   432
         Longbow           |       |       |       |   215 |   507 ||   722
 Invoke: Heroism           |       |       |     8 |    28 |    17 ||    53
         Finesse           |       |       |       |       |     5 ||     5
    Use: Scroll            |     3 |     5 |     8 |    15 |     1 ||    32
         Potion            |       |     3 |     5 |     4 |       ||    12
 Armour: Robe              |     8 |     6 |       |    41 |       ||    55
         Ring mail         |       |    20 |    35 |       |       ||    55
         Steam dragon scal |       |       |     8 |    14 |       ||    22
         Leather armour    |       |       |     2 |       |       ||     2
         Troll leather arm |       |       |       |    31 |    47 ||    78
  Dodge: Dodged            |    32 |    54 |    84 |   224 |   209 ||   603

Table legend:
 A = Non-vault XP
 B = Vault XP
 C = Vault XP percentage of total XP
 D = Non-vault monster count
 E = Vault monster count
 F = Vault count percentage of total count
                 A         B        C        D         E       F
            +---------+---------+-------+---------+---------+-------
      Total |   47279 |   36981 |  43.9 |     320 |     154 |  32.5
            +---------+---------+-------+---------+---------+-------
        D:1 |      37 |       0 |   0.0 |      19 |       0 |   0.0
        D:2 |     104 |      80 |  43.5 |      24 |      12 |  33.3
        D:3 |      68 |       0 |   0.0 |      22 |       0 |   0.0
        D:4 |     184 |     111 |  37.6 |      16 |      14 |  46.7
        D:5 |     405 |       0 |   0.0 |      14 |       0 |   0.0
        D:6 |     617 |       0 |   0.0 |      11 |       0 |   0.0
        D:7 |     849 |       0 |   0.0 |      18 |       0 |   0.0
        D:8 |     694 |     854 |  55.2 |      19 |       2 |   9.5
        D:9 |    1270 |     365 |  22.3 |      23 |       1 |   4.2
       D:10 |    1108 |       0 |   0.0 |       5 |       0 |   0.0
       D:11 |    3923 |    3373 |  46.2 |      17 |       7 |  29.2
       D:12 |    4760 |       0 |   0.0 |      19 |       0 |   0.0
       D:13 |    2236 |    8384 |  78.9 |       5 |      20 |  80.0
     Lair:1 |    4347 |       0 |   0.0 |      20 |       0 |   0.0
     Lair:2 |    3063 |    4647 |  60.3 |       7 |      16 |  69.6
     Lair:3 |    9289 |    2333 |  20.1 |      36 |       6 |  14.3
     Lair:4 |    3896 |    9223 |  70.3 |      14 |      23 |  62.2
     Lair:5 |   10429 |    7085 |  40.5 |      31 |      27 |  46.6
      Sewer |       0 |     526 | 100.0 |       0 |      26 | 100.0
            +---------+---------+-------+---------+---------+-------
